 Dungeon Crawl Stone Soup version 0.32-a0-673-g3729bd50f8 (webtiles) character file.

Game seed: 853510825782101094

54186 croobank the Covert (level 14, -13/116 HPs)
             Began as a Demigod Ice Elementalist on Mar 10, 2024.
             Mangled by a sun demon (15 damage)
             ... on level 5 of the Lair of Beasts.
             The game lasted 01:14:45 (26854 turns).

croobank the Covert (Demigod Ice Elementalist)     Turns: 26854, Time: 01:14:46

Health: -13/116    AC: 10    Str: 12    XL:     14   Next: 1%
Magic:  28/32      EV: 17    Int: 39    God:
Gold:   786        SH:  0    Dex: 14    Spells: 18/31 levels left

rFire   . . .        d - +6 dagger (freeze)
rCold   . . .        (no shield)
rNeg    . . .        V - +1 robe {Will+}
rPois   +            F - +0 helmet
rElec   .            s - +1 cloak
rCorr   .            j - +0 pair of gloves {Str+3}
SInv    .            u - +2 pair of boots
Will    ++...        k - amulet of magic regeneration
Stlth   +++++        H - ring of poison resistance
HPRegen 0.39/turn    O - +6 ring of intelligence
MPRegen 0.63/turn

%: no passive effects
@: freezing walls
A: high MP 1, forlorn, divine attributes
a: no special abilities


You were on level 5 of the Lair of Beasts.
You visited 2 branches of the dungeon, and saw 17 of its levels.
You also visited: Sewer.

You collected 1236 gold pieces.
You spent 450 gold pieces at shops.

Inventory:

Hand Weapons
 d - a +6 dagger of freezing (weapon)
 G - a +2 dagger of speed
 L - a +3 demon whip of venom
 M - a +4 vampiric scimitar
 P - a +3 scimitar of flaming
 W - a +1 flail of holy wrath
Missiles
 o - a throwing net
 w - 4 atropa-tipped darts
 x - 16 boomerangs
 E - 43 poisoned darts
 T - 5 javelins
 Z - 3 curare-tipped darts
Armour
 a - +0 steam dragon scales
 j - a +0 pair of gloves of strength (worn)
 s - a +1 cloak (worn)
 u - a +2 pair of boots (worn)
 F - a +0 helmet (worn)
 V - a +1 robe of willpower (worn)
 Y - +0 acid dragon scales
Magical Staves
 A - a staff of cold
 D - a staff of air
Jewellery
 k - an amulet of magic regeneration (around neck)
 H - a ring of poison resistance (left hand)
 J - an amulet of reflection
 O - a +6 ring of intelligence (right hand)
 U - a ring of wizardry
Wands
 e - a wand of digging (2)
 l - a wand of flame (55)
 C - a wand of iceblast (19)
 K - a wand of paralysis (7) (quivered)
 Q - a wand of light (5)
Scrolls
 g - 3 scrolls of fear
 t - a scroll of fog
 y - 2 scrolls of immolation
 B - a scroll of amnesia
 I - 3 scrolls of blinking
 N - 6 scrolls of teleportation
 R - 5 scrolls of identify
 X - a scroll of vulnerability
Potions
 b - 2 potions of mutation
 c - 2 potions of enlightenment
 f - 3 potions of curing
 h - 2 potions of might
 i - 3 potions of lignification
 m - a potion of resistance
 n - a potion of ambrosia
 p - 2 potions of brilliance
 q - 2 potions of attraction
 r - a potion of invisibility
 v - a potion of cancellation
 z - 4 potions of haste


   Skills:
 + Level 8.8 Fighting
 - Level 5.0 Maces & Flails
 + Level 10.1 Dodging
 + Level 10.8 Stealth
 + Level 9.3 Spellcasting
 - Level 5.0 Summonings
 + Level 10.4 Ice Magic
 - Level 7.0 Air Magic


You had 18 spell levels left.
You knew the following spells:

 Your Spells              Type           Power      Damage    Failure   Level
b - Frozen Ramparts       Ice            100%       1d16      1%          3
c - Ozocubu's Armour      Ice            79%        N/A       1%          3
d - Summon Ice Beast      Ice/Summ       68%        N/A       1%          3
e - Summon Lightning Spi  Summ/Air       60%        N/A       1%          4

Your spell library contained the following spells:

 Spells                   Type           Power      Damage    Failure   Level
 Apportation              Tloc           36%        N/A       1%          1
 Freeze                   Ice            100%       1d10      1%          1
 Magic Dart               Conj           72%        1d6       1%          1
 Necrotise                Necr           72%        1d7       1%          1
 Sting                    Conj/Alch      72%        1d7       1%          1
 Summon Small Mammal      Summ           100%       N/A       1%          1
 Static Discharge         Conj/Air       90%        3-7/arc   1%          2
 Airstrike                Air            32%        2d(5-21)  1%          4
 Searing Ray              Conj           36%        2d5       3%          2
 Stone Arrow              Conj/Erth      36%        3d9       6%          3
 Animate Armour           Summ/Erth      74%        N/A       8%          4
 Cause Fear               Hex            9%         N/A       21%         4
 Fulminant Prism          Conj/Alch      9%         3d6       21%         4
 Fireball                 Conj/Fire      9%         3d6       50%         5
 Lehudib's Crystal Spear  Conj/Erth      9%         10d4      100%        8
 Dragon's Call            Summ           27%        N/A       100%        9


Dungeon Overview and Level Annotations

Branches:
Dungeon (12/15)            Temple (0/1) D:4            Lair (5/5) D:8
 Shoals (0/4) Lair:2       Spider (0/4) Lair:3        Slime (0/5) Lair:5
    Orc (0/2) D:12          Sewer (visited)

Shops:
D:10 ?

Annotations:
D:3 2 transporters, 1 runed translucent door, Crazy Yiuf; adelrune's ghost, amateur DsFi
D:11 1 runed translucent door, ytrimaz's ghost, journeyman CoAr
Lair:2 2 transporters, Rocko1345's ghost, journeyman GnSh


Innate Abilities, Weirdness & Mutations

You have an increased reservoir of magic. (+10% MP)
You shall have no god before yourself.
Your divine heritage dramatically boosts your attributes as you level up.


Message History

The sun demon is moderately wounded.
The frozen ramparts melt away.
The orange demon completely misses you.
The sun demon hits you but does no damage.
You closely miss the sun demon.
The sun demon is moderately wounded.
The orange demon stings you but does no damage.
The sun demon hits you but does no damage.
You barely miss the sun demon.
The sun demon is moderately wounded.
The sun demon misses you.
The orange demon stings you but does no damage.
Casting: Frozen Ramparts (safe; 1% risk of failure)
Confirm with . or Enter, or press ? or * to list all spells.
Casting: Frozen Ramparts (safe; 1% risk of failure)
Press: ? - help, Dir - look around, f - activate The walls around you are covered in ice.
The sun demon is frozen!
The wall freezes the sun demon!
The sun demon hits you.
You are engulfed in flames!
Your icy armour melts away.
The wall freezes the orange demon!
The orange demon closely misses you.
You hit the sun demon but do no damage.
The sun demon is moderately wounded.
The sun demon is frozen!
The wall freezes the sun demon.
The sun demon hits you!
You are engulfed in flames!
The wall freezes the orange demon!
The orange demon stings you from afar!
The sun demon is frozen!
The wall freezes the sun demon!
The sun demon hits you.
* * * LOW HITPOINT WARNING * * *
You are engulfed in flames!
* * * LOW HITPOINT WARNING * * *
Casting: Frozen Ramparts (safe; 1% risk of failure)
Confirm with . or Enter, or press ? or * to list all spells.
A chill wind blows around you.
The wall freezes the orange demon!
The orange demon stings you from afar.
* * * LOW HITPOINT WARNING * * *
The sun demon is frozen!
The wall freezes the sun demon.
The sun demon hits you!
* * * LOW HITPOINT WARNING * * *
You are engulfed in flames!
You die...

♣♣..♣♣♣ ♣♣...♣♣♣♣ ♣♣♣♣..
♣♣..♣♣ ♣♣♣..).♣♣♣...♣♣
♣....♣ ♣♣♣.......♣♣
#####''###### ♣♣♣.♣♣.♣♣
.............#########+♣♣♣♣♣
....ß....ß...#........#
.............'...#.ß..#
##############Y.ß.#...# ♣
..... #@..ß.#..# ♣♣
......#3.#.ß...# ♣.
.h....4...#.ß..# ♣.
..4...#..ß.#...# ♣♣
≈.....#........# ♣ §§§##
########## §§ #


You could see a sun demon (ally target), an orange demon and a friendly ice
beast (summoned).

Vanquished Creatures
  A hydra (Lair:5)
  2 two-headed ogres
  6 death yaks (Lair:5)
  Sonja (Lair:4)
  Amaemon (D:8)
  A skyshark (Lair:5)
  An ugly thing (D:12)
  5 elephants (Lair:5)
  6 black mambas
  A molten gargoyle (Lair:4)
  13 cane toads
  3 gargoyles
  8 komodo dragons
  Jeremiah (D:6)
  2 unseen horrors
  5 rime drakes
  A kobold demonologist (D:12)
  2 trolls (D:12)
  4 hornets (Lair:1)
  Grinder (D:3)
  2 polar bears (Lair:4)
  11 blink frogs
  3 jumping spiders (Lair:3)
  Sigmund (D:3)
  A shadow (D:12)
  A vampire (D:12)
  A wraith (D:12)
  40 yaks
  5 wyverns
  7 basilisks
  A redback (Lair:3)
  The ghost of domi the Shooter, an amateur CoHu (D:6)
  8 steam dragons
  2 acid dragons
  18 water moccasins
  Duvessa (D:6)
  2 hell hounds (Lair:5)
  3 ice beasts (D:6)
  2 orc warriors (D:9)
  2 sky beasts
  4 ogres
  13 wolves
  2 centaurs
  3 kobold brigands
  A gnoll sergeant (D:10)
  11 bullfrogs
  2 scorpions
  5 wights
  Dowan (D:6)
  5 killer bees (D:7)
  6 howler monkeys
  3 electric eels
  7 orc priests
  A bombardier beetle (D:5)
  2 hounds
  6 jellies
  An iguana (D:5)
  2 sleepcaps
  Terence (D:3)
  Ijyb (D:4)
  11 orc wizards
  Robin (D:2)
  5 gnolls
  A river rat (Sewer)
  9 adders
  2 shadow imps (D:7)
  A white imp (D:6)
  7 ribbon worms
  4 dart slugs
  27 orcs
  5 endoplasms
  14 goblins
  7 hobgoblins
  4 jackals (D:3)
  15 kobolds
  2 quokkas (D:1)
  17 ball pythons
  4 bats
  4 frilled lizards
  16 rats
410 creatures vanquished.

Vanquished Creatures (collateral kills)
  Erica (D:8)
  2 skysharks (Lair:5)
  An arcanist (Lair:5)
  A cyclops (D:11)
  A manticore (D:12)
  A smoke demon (Lair:5)
  4 orange demons
  A gargoyle (D:10)
  6 cane toads (Lair:5)
  3 rime drakes
  A polar bear (Lair:4)
  A hornet (Lair:1)
  A dream sheep (Lair:5)
  9 blink frogs
  6 yaks
  3 basilisks
  Edmund (D:5)
  4 water moccasins
  A hell hound (Lair:5)
  An ice beast (D:5)
  A black bear (Lair:1)
  3 wolves
  A centaur (D:8)
  2 kobold brigands
  2 bullfrogs (Sewer)
  3 wights (D:9)
  A killer bee (D:7)
  A hound (D:6)
  An orc priest (D:10)
  9 jellies (Lair:5)
  An iguana (D:5)
  3 gnolls
  4 adders
  10 orcs
  3 ball pythons (Sewer)
  An endoplasm (Sewer)
  2 kobolds (D:8)
  7 rats (Sewer)
104 creatures vanquished.

Vanquished Creatures (others)
  3 steam dragons (Lair:3)
3 creatures vanquished.

Grand Total: 517 creatures vanquished

Notes
Turn   | Place    | Note
-------+----------+-------------------------------------------
     0 | D:1      | croobank the Demigod Ice Elementalist began the quest for
                  | the Orb.
     0 | D:1      | Reached XP level 1. HP: 14/14 MP: 5/5
     2 | D:1      | Noticed a draconian
     4 | D:1      | Noticed an octopode
     7 | D:1      | Noticed a vine stalker
     8 | D:1      | Noticed a felid
    11 | D:1      | Noticed an oni
    11 | D:1      | Noticed a merfolk
    13 | D:1      | Noticed a troll
    13 | D:1      | Noticed a dwarf
    15 | D:1      | Noticed an octopode
    15 | D:1      | Noticed a spriggan
    15 | D:1      | Noticed a draconian
    17 | D:1      | Noticed a merfolk
    19 | D:1      | Noticed a demonspawn
    21 | D:1      | Noticed an elf
   413 | D:1      | Reached XP level 2. HP: 20/20 MP: 5/7
  1549 | D:2      | Reached XP level 3. HP: 3/26 MP: 6/8
  1647 | D:2      | Learned a level 3 spell: Frozen Ramparts
  1894 | D:2      | Noticed Robin
  1902 | D:2      | Killed Robin
  2908 | D:3      | Found a transporter.
  2914 | D:3      | Noticed adelrune's ghost (amateur DsFi)
  2937 | D:3      | Reached XP level 4. HP: 20/33 MP: 5/10
  3112 | D:3      | Learned a level 3 spell: Ozocubu's Armour
  3264 | D:3      | Noticed Terence
  3276 | D:3      | Killed Terence
  3277 | D:3      | Reached XP level 5. HP: 27/38 MP: 9/12
  3555 | D:3      | Found a transporter.
  3750 | D:3      | Noticed Sigmund
  3768 | D:3      | Killed Sigmund
  3769 | D:3      | Reached XP level 6. HP: 31/45 MP: 4/13
  3850 | D:3      | Learned a level 3 spell: Summon Ice Beast
  4021 | D:3      | Noticed Grinder
  4029 | D:3      | Paralysed by Grinder for 5 turns
  4049 | D:3      | Killed Grinder
  4050 | D:3      | Reached skill level 1 in Summonings
  4156 | D:3      | Found a runed translucent door.
  4157 | D:3      | Noticed Crazy Yiuf
  4646 | D:4      | Found a glowing drain.
  4660 | Sewer    | Entered a sewer
  5212 | Sewer    | Reached XP level 7. HP: 45/50 MP: 5/15
  5516 | Sewer    | Reached skill level 5 in Ice Magic
  5739 | D:4      | Found a staircase to the Ecumenical Temple.
  5885 | D:4      | Noticed Ijyb
  5892 | D:4      | Killed Ijyb
  6391 | D:5      | Entered Level 5 of the Dungeon
  6922 | D:5      | Noticed Edmund
  6944 | D:5      | Killed Edmund
  6945 | D:5      | Reached XP level 8. HP: 57/57 MP: 6/17
  7236 | D:5      | Reached skill level 5 in Stealth
  7411 | D:5      | Found the +6 shillelagh "Devastator" {shatter}
  7422 | D:5      | Reached skill level 1 in Fighting
  7424 | D:5      | Reached skill level 5 in Dodging
  7969 | D:6      | Noticed Duvessa
  7970 | D:6      | Noticed Dowan
  7982 | D:6      | Killed Duvessa
  8000 | D:6      | Killed Dowan
  8093 | D:6      | Found a runed translucent door.
  8099 | D:6      | Noticed domi's ghost (amateur CoHu)
  8112 | D:6      | Killed domi's ghost
  8113 | D:6      | Reached XP level 9. HP: 67/67 MP: 11/20
  8238 | D:6      | Reached skill level 5 in Spellcasting
  8521 | D:6      | Noticed Jeremiah
  8561 | D:6      | Killed Jeremiah
  9378 | D:7      | Reached skill level 1 in Air Magic
  9917 | D:8      | Noticed Amaemon
  9924 | D:8      | Noticed an orange demon
  9934 | D:8      | Killed an orange demon
  9941 | D:8      | Killed Amaemon
  9942 | D:8      | Reached XP level 10. HP: 70/78 MP: 5/22
 10324 | D:8      | Reached skill level 5 in Summonings
 10333 | D:8      | Noticed Erica
 10341 | D:8      | Killed Erica
 10342 | D:8      | Reached skill level 1 in Maces & Flails
 10456 | D:8      | Identified the +1 helmet "Qeepn" {rN++ Str-2}
 10796 | D:8      | Found a staircase to the Lair.
 12186 | D:10     | Entered Level 10 of the Dungeon
 12300 | D:10     | Found Sarchar's Magic Scroll Shoppe.
 12309 | D:10     | Bought 2 scrolls of teleportation for 72 gold pieces
 12309 | D:10     | Bought a scroll of blinking for 90 gold pieces
 12309 | D:10     | Bought 2 scrolls of identify for 48 gold pieces
 12309 | D:10     | Bought a scroll of teleportation for 36 gold pieces
 12309 | D:10     | Bought a scroll of blinking for 90 gold pieces
 12309 | D:10     | Bought a scroll of identify for 24 gold pieces
 12309 | D:10     | Bought a scroll of enchant weapon for 90 gold pieces
 13042 | D:10     | Identified the +6 chain mail "Manen" {rF+}
 13062 | D:10     | Noticed a two-headed ogre
 13074 | D:10     | Killed a two-headed ogre
 13075 | D:10     | Reached skill level 5 in Fighting
 13908 | D:11     | Reached XP level 11. HP: 85/86 MP: 17/24
 14393 | D:11     | Found a runed translucent door.
 14393 | D:11     | Noticed ytrimaz's ghost (journeyman CoAr)
 14403 | D:11     | You fall into a shaft and drop 1 floor!
 14412 | D:12     | Noticed a two-headed ogre
 14428 | D:12     | Killed a two-headed ogre
 14774 | D:12     | Found a staircase to the Orcish Mines.
 17376 | Lair:1   | Entered Level 1 of the Lair of Beasts
 17584 | Lair:1   | Reached skill level 5 in Air Magic
 17723 | Lair:1   | Reached XP level 12. HP: 96/96 MP: 20/27
 18040 | Lair:1   | Reached skill level 5 in Maces & Flails
 18889 | Lair:2   | Found a transporter.
 18894 | Lair:2   | Found a transporter.
 18980 | Lair:2   | Found a staircase to the Shoals.
 19582 | Lair:2   | Noticed Rocko1345's ghost (journeyman GnSh)
 19770 | Lair:3   | Found a hole to the Spider Nest.
 21623 | Lair:4   | Noticed Sonja
 21669 | Lair:4   | Reached XP level 13. HP: 7/105 MP: 29/29
 21824 | Lair:4   | Killed Sonja
 22938 | Lair:5   | Entered Level 5 of the Lair of Beasts
 23039 | Lair:4   | Learned a level 4 spell: Summon Lightning Spire
 23340 | Lair:5   | HP: 1/107 [komodo dragon (16)]
 23705 | Lair:5   | Reached skill level 10 in Stealth
 24564 | Lair:5   | Reached skill level 10 in Ice Magic
 26088 | Lair:5   | Reached skill level 10 in Dodging
 26191 | Lair:5   | Found a staircase to the Slime Pits.
 26834 | Lair:5   | Reached XP level 14. HP: 115/116 MP: 25/32
 26854 | Lair:5   | HP: 2/116 [sun demon (16)]
 26854 | Lair:5   | Mangled by a sun demon

Illustrated notes

Levels and vault maps discovered:
D:1:      shiori_arrival_whats_in_store_for_you, layout_loops_corners,
          minmay_tripent
D:2:      layout_basic, chequers_arboretum, minmay_box_of_dots, uniq_robin
D:3:      layout_loops_ring, gammafunk_ghost_arena,
          hellmonk_ecumenical_altar_blasted, serial_forest,
          infiniplex_forest_diagonal, infiniplex_forest_straight_2,
          infiniplex_forest_straight_5, infiniplex_forest_straight_1,
          infiniplex_forest_clump_diagonal, infiniplex_forest_clump_tiny,
          infiniplex_forest_join, uniq_crazy_yiuf_cottage, uniq_sigmund,
          uniq_grinder, uniq_terence
D:4:      layout_gridville, minmay_temple_entry_slanted,
          cheibrodos_sewer_entry_bend, uniq_ijyb
D:5:      layout_cave_pods, dilly_guarded_unrand_devastator, uniq_edmund
D:6:      layout_rooms, gammafunk_temple_overflow_elements,
          ebering_ghost_sewer_d, nicolae_underground_beach, uniq_duvessa,
          uniq_jeremiah
D:7:      layout_rooms
D:8:      layout_cave_pods, mainiacjoe_overflow_24_doors, lair_entry_dummy,
          kennysheep_boxes, uniq_erica, uniq_amaemon
D:9:      layout_basic
D:10:     layout_stronghold, serial_shops, shop
D:11:     layout_cave_pods, hellmonk_ghost_happy_afterlife
D:12:     layout_gridville, orc_0_dummy
Lair:1:   layout_chaotic_city, chequers_serial_rivers_micro_c,
          columned_hall_lemuel, dreamdust_wasp_nest
Lair:2:   layout_concentric_octagons, elwin_shoals_entry_rocks,
          gammafunk_ghost_wrathful_warriors, infiniplex_staircase_pool,
          grunt_megastairs_2
Lair:3:   layout_loops_ring, spider_nest_entry_a, bobbens_dragon_lair_wall
Lair:4:   layout_small_grid, beast_lair_carwin_6, uniq_sonja
Lair:5:   evil_forest, layout_gridlike, minmay_slime_entry_jelly_boxes,
          serial_forest, infiniplex_forest_end_1, infiniplex_forest_clump_long,
          infiniplex_forest_clump_small, infiniplex_forest_lined_4_way,
          infiniplex_forest_clump_long, infiniplex_forest_clump_cross,
          infiniplex_forest_clump_C, infiniplex_forest_end_3

Skill      XL: |  1  2  3  4  5  6  7  8  9 10 11 12 13 |
---------------+----------------------------------------+-----
Dodging        | 2 3 4 5 6 7 8 9 10 | 10.1
Stealth        | 2 3 4 5 6 7 8 9 10 | 10.8
Spellcasting   | 2 3 4 5 6 7 8 9 |  9.3
Ice Magic      | 4 5 6 7 8 9 10 | 10.4
Summonings     | 1 2 3 4 5 |  5.0
Fighting       | 2 3 5 6 7 8 |  8.8
Air Magic      | 2 3 5 6 7 |  7.0
Maces & Flails | 2 4 5 |  5.0

Action                     |  1- 3 |  4- 6 |  7- 9 | 10-12 | 13-15 || total
---------------------------+-------+-------+-------+-------+-------++-------
  Melee: Whip              |    27 |       |       |       |       ||    27
         Unarmed           |     2 |       |       |       |       ||     2
         Dagger            |    18 |    70 |   122 |    13 |    61 ||   284
         Demon whip        |       |       |       |   310 |   170 ||   480
         Flail             |       |       |       |    67 |       ||    67
         Scimitar          |       |       |       |       |    19 ||    19
  Throw: Boomerang         |       |     8 |     5 |     1 |       ||    14
         Javelin           |       |       |       |    13 |       ||    13
         Throwing net      |       |       |       |     3 |     1 ||     4
   Cast: Freeze            |    46 |     2 |       |       |       ||    48
         Frozen Ramparts   |    13 |    25 |    37 |    81 |    47 ||   203
         Ozocubu's Armour  |       |    12 |    27 |    68 |    41 ||   148
         Summon Ice Beast  |       |     4 |    31 |    63 |    36 ||   134
         Summon Lightning  |       |       |       |       |    19 ||    19
  Evoke: Wand              |       |       |       |    16 |     6 ||    22
    Use: Potion            |     1 |       |       |     7 |     4 ||    12
         Scroll            |       |     3 |    13 |    20 |     2 ||    38
   Stab: Sleeping          |     4 |     2 |    15 |     6 |     2 ||    29
         Distracted        |       |     1 |     2 |     1 |       ||     4
         Paralysed         |       |       |       |     1 |     1 ||     2
 Armour: Robe              |    40 |    58 |    96 |   355 |   217 ||   766
  Dodge: Dodged            |    38 |    43 |    86 |   384 |   198 ||   749
  Block: Other             |       |       |     7 |    54 |       ||    61
         Reflection        |       |       |       |     2 |       ||     2

Table legend: (Time is in decaauts)
 A = Elapsed time spent in this place.
 B = Non-inter-level travel time spent in this place.
 C = Inter-level travel time spent in this place.
 D = Time resting spent in this place.
 E = Time spent auto-exploring this place.
 F = Levels seen in this place.
 G = Mean time per level.
                   A        B        C        D        E       F      G
               +--------+--------+--------+--------+--------+-----+--------+
         Total |  26901 |  25870 |   1031 |   6934 |  14550 |  18 | 1494.5 |
       Dungeon |  16482 |  15763 |    719 |   3215 |  10084 |  12 | 1373.5 |
          Lair |   9431 |   9119 |    312 |   3199 |   4327 |   5 | 1886.2 |
         Sewer |    987 |    987 |      0 |    520 |    138 |   1 |  987.0 |
               +--------+--------+--------+--------+--------+-----+--------+

Top non-repeatable levels by time:
  Lair:5: 3153 daAuts
    D:12: 2436 daAuts
  Lair:4: 2323 daAuts
  Lair:3: 1729 daAuts
    D:10: 1725 daAuts
     D:3: 1687 daAuts
     D:2: 1514 daAuts
     D:1: 1409 daAuts
     D:9: 1312 daAuts
     D:5: 1282 daAuts
  Lair:1: 1200 daAuts
     D:6: 1198 daAuts
     D:8: 1192 daAuts
  Lair:2: 1024 daAuts
   Sewer: 987 daAuts
